 Dungeon Crawl Stone Soup version 0.30.1-1-g62c8e00024 (webtiles) character file.

Game seed: 4927800072799188142

210582 TheDoctor the Eclecticist (level 18, -13/90 HPs)
             Began as a Spriggan Venom Mage on July 18, 2023.
             Was the Champion of Sif Muna.
             Killed from afar by a manticore (19 damage)
             ... with a volley of spikes
             ... on level 3 of the Shoals.
             The game lasted 03:32:56 (44996 turns).

TheDoctor the Eclecticist (Spriggan Venom Mage)    Turns: 44996, Time: 03:32:57

Health: -13/90     AC:  7    Str:  4    XL:     18   Next: 19%
Magic:  27/49      EV: 22    Int: 25    God:    Sif Muna [******]
Gold:   2526       SH:  0    Dex: 15    Spells: 3/51 levels left

rFire   . . .        P - staff of poison
rCold   . . .        (shield currently unavailable)
rNeg    . . .        K - +2 robe {Archmagi}
rPois   +            i - +1 hat of the Mackerel {rElec Will+ Regen+}
rElec   +            w - +1 cloak {Stlth+}
rCorr   .            (gloves unavailable)
SInv    +            (boots unavailable)
Will    ++++.        B - amulet of magic regeneration
Stlth   +++          H - ring of magical power
HPRegen 1.15/turn    G - ring of poison resistance
MPRegen 0.71/turn

%: archmagi
@: spiked, very quick
A: very small, no large weapons, unfitting armour, see invisible, speed 3
}: 1/15 runes: gossamer
a: Renounce Religion, Channel Magic, Forget Spell, Divine Exegesis


You were on level 3 of the Shoals.
You worshipped Sif Muna.
Sif Muna was exalted by your worship.
You visited 6 branches of the dungeon, and saw 31 of its levels.
You visited 1 bazaar.

You collected 4272 gold pieces.
You spent 1746 gold pieces at shops.

Inventory:

Missiles
 k - 29 boomerangs (quivered)
 T - 9 throwing nets
 W - 4 curare-tipped darts
Armour
 i - the +1 hat of the Mackerel (worn) {rElec Will+ Regen+}
   (You acquired it on level 9 of the Dungeon)

   rElec:     It insulates you from electricity.
   Regen:     It increases your rate of health regeneration.
   Will:      It increases your willpower.
 p - a +2 robe of fire resistance
 w - a +1 cloak of stealth (worn)
 K - a +2 robe of the Archmagi (worn)
Magical Staves
 C - a staff of conjuration
 P - a staff of poison (weapon)
Jewellery
 B - an amulet of magic regeneration (around neck)
 E - a +6 ring of strength
 G - a ring of poison resistance (right hand)
 H - a ring of magical power (left hand)
 Q - a ring of positive energy
Wands
 a - a wand of flame (62)
 c - a wand of quicksilver (27)
 u - a wand of charming (31)
 A - a wand of digging (9)
 O - a wand of mindburst (26)
 R - a wand of polymorph (12)
 X - a wand of roots (12)
Scrolls
 f - 8 scrolls of poison
 j - 3 scrolls of torment
 n - 6 scrolls of blinking
 o - 8 scrolls of identify
 r - 3 scrolls of summoning
 y - 2 scrolls of enchant armour
 z - 5 scrolls of magic mapping
 D - 9 scrolls of teleportation
 I - 8 scrolls of immolation
 L - 10 scrolls of fog
 N - 2 scrolls of fear
 Y - 4 scrolls of silence
Potions
 b - 4 potions of magic
 d - 6 potions of heal wounds
 e - 9 potions of might
 g - 13 potions of curing
 h - 4 potions of haste
 m - 3 potions of cancellation
 q - 3 potions of resistance
 s - 3 potions of invisibility
 v - 2 potions of berserk rage
 x - 6 potions of lignification
 F - 7 potions of ambrosia
 J - 4 potions of brilliance
 M - a potion of flight
Miscellaneous
 l - a lightning rod (4/4)
 t - a phial of floods
 S - a tin of tremorstones (2/2)


   Skills:
 - Level 8.0 Fighting
 - Level 10.0 Dodging
 - Level 3.0 Stealth
 - Level 4.0 Shields
 - Level 17.0 Spellcasting
 + Level 14.5 Conjurations
 - Level 5.0 Translocations
 - Level 8.0 Transmutations
 + Level 5.7 Fire Magic
 - Level 10.0 Earth Magic
 - Level 8.0 Poison Magic
 - Level 14.1 Invocations


You had 3 spell levels left.
You knew the following spells:

 Your Spells              Type           Power      Damage    Failure   Level
a - Sting                 Tmut/Pois      100%       1d8       1%          1
b - Poisonous Vapours     Pois/Air       100%       N/A       1%          2
c - Mephitic Cloud        Conj/Pois/Air  93%        N/A       1%          3
d - Olgreb's Toxic Radia  Pois           95%        N/A       1%          4
e - Blink                 Tloc           100%       N/A       1%          2
f - Petrify               Tmut/Erth      78%        N/A       1%          4
g - Iskenderun's Battles  Conj           96%        2d14      1%          5
h - Iron Shot             Conj/Erth      44%        9d9       2%          6
i - Stone Arrow           Conj/Erth      100%       3d13      1%          3
j - Ignite Poison         Fire/Tmut/Pois 92%        N/A       1%          3
k - Fire Storm            Conj/Fire      41%        8d10      100%        9
l - Starburst             Conj/Fire      41%        6d12      6%          6

Your spell library contained the following spells:

 Spells                   Type           Power      Damage    Failure   Level
 Magic Dart               Conj           100%       1d8       0%          1
 Searing Ray              Conj           100%       2d8       0%          2
 Foxfire                  Conj/Fire      100%       2x1d9     1%          1
 Kiss of Death            Conj/Necr      100%       2d13      1%          1
 Lesser Beckoning         Tloc           100%       N/A       1%          2
 Momentum Strike          Conj/Tloc      100%       3d10      1%          2
 Passwall                 Tmut/Erth      65%        N/A       1%          2
 Scorch                   Fire           100%       2d9       1%          2
 Static Discharge         Conj/Air       100%       2-7/arc   1%          2
 Dazzling Flash           Conj/Hex       100%       N/A       1%          3
 Gell's Gravitas          Tloc           62%        N/A       1%          3
 Hailstorm                Conj/Ice       72%        3d15      1%          3
 Spider Form              Tmut/Pois      95%        N/A       1%          3
 Teleport Other           Tloc           62%        N/A       1%          3
 Volatile Blastmotes      Fire/Tloc      100%       2d18      1%          3
 Portal Projectile        Hex/Tloc       100%       N/A       2%          3
 Vhi's Electric Charge    Tloc/Air       100%       N/A       2%          3
 Call Imp                 Summ           62%        N/A       3%          2
 Ensorcelled Hibernation  Hex/Ice        62%        N/A       3%          2
 Sublimation of Blood     Necr           31%        N/A       3%          2
 Call Canine Familiar     Summ           31%        N/A       7%          3
 Confusing Touch          Hex            31%        N/A       7%          3
 Frozen Ramparts          Ice            62%        1d10      7%          3
 Ozocubu's Armour         Ice            31%        N/A       7%          3
 Tukima's Dance           Hex            31%        N/A       7%          3
 Flame Wave               Conj/Fire      82%        2d18      1%          4
 Fulminant Prism          Conj/Hex       36%        3d18      1%          4
 Iskenderun's Mystic Bla  Conj/Tloc      81%        2d16      1%          4
 Sticky Flame             Conj/Fire      82%        2d9       1%          4
 Fireball                 Conj/Fire      41%        3d17      1%          5
 Irradiate                Conj/Tmut      43%        3d26      1%          5
 Blade Hands              Tmut           37%        N/A       2%          5
 Animate Armour           Summ/Erth      100%       N/A       3%          4
 Leda's Liquefaction      Hex/Erth       31%        N/A       3%          4
 Arcjolt                  Conj/Air       36%        1d46      3%          5
 Orb of Destruction       Conj           48%        9d13      5%          7
 Borgnjor's Vile Clutch   Necr/Erth      31%        N/A       9%          5
 Statue Form              Tmut/Erth      52%        N/A       9%          6
 Yara's Violent Unravell  Hex/Tmut       29%        3d12      13%         5
 Eringya's Noxious Bog    Tmut/Pois      47%        N/A       14%         6
 Conjure Ball Lightning   Conj/Air       36%        3x3d12    19%         6
 Airstrike                Air            15%        2d(3-19)  24%         4
 Anguish                  Hex/Necr       15%        N/A       24%         4
 Dispel Undead            Necr           31%        3d14      24%         4
 Summon Ice Beast         Ice/Summ       31%        N/A       24%         4
 Summon Lightning Spire   Summ/Air       31%        N/A       24%         4
 Summon Forest            Summ/Tloc      25%        N/A       24%         5
 Dispersal                Tloc           31%        N/A       43%         6
 Metabolic Englaciation   Hex/Ice        15%        N/A       54%         5
 Summon Mana Viper        Hex/Summ       31%        N/A       54%         5
 Spellforged Servitor     Conj/Summ      36%        N/A       71%         7
 Lehudib's Crystal Spear  Conj/Erth      44%        10d11     71%         8
 Simulacrum               Ice/Necr       15%        N/A       98%         6
 Summon Cactus Giant      Summ           15%        N/A       98%         6
 Storm Form               Tmut/Air       29%        N/A       98%         7
 Malign Gateway           Summ/Tloc      25%        N/A       100%        7
 Monstrous Menagerie      Summ           15%        N/A       100%        7
 Ignition                 Fire           33%        3d10      100%        8
 Maxwell's Capacitive Co  Air            15%        ∞         100%        8


Dungeon Overview and Level Annotations

Branches:
Dungeon (15/15)            Temple (1/1) D:7            Lair (5/5) D:8
 Shoals (4/4) Lair:3       Spider (4/4) Lair:3        Slime (0/5) Lair:5
    Orc (2/2) D:9             Elf (0/3) Orc:2        Vaults (0/5) D:13
 Depths (0/4) D:15

Altars:
Ashenzari
Cheibriados
Dithmenos
Elyvilon
Fedhas
Gozag
Hepliaklqana
Kikubaaqudgha
Makhleb
Nemelex Xobeh
Okawaru
Qazlal
Ru
Sif Muna
Trog
Uskayaw
Vehumet
Wu Jian
Xom
Yredelemnul
Zin
The Shining One
Jiyva

Shops:
D:1 *   D:4 [   D:8 [*?(?   D:9 ???!*   D:14 ?   Orc:2 [=:*   Shoals:1 !
Shoals:3 (!=(   Shoals:4 :

Annotations:
D:6 Maggie
D:11 2 transporters, cheesebisquit's ghost, journeyman TrFi
Lair:3 1 exclusion
Shoals:3 exclusion: downstairs
Shoals:4 Kirke; Roxanne


Innate Abilities, Weirdness & Mutations

You are very small and have problems with some larger weapons.
You are too small for most types of armour.
You have supernaturally acute eyesight. (SInv)
You cover ground extremely quickly. (Speed+++)


Message History

Your toxic aura wanes.
k - 29 boomerangs (gained 1)
Items here: )) ††.
The merfolk throws a boomerang.
The boomerang hits you.
Q - a ring of positive energy
Items here: ))) [ †.
The merfolk throws a boomerang.
The boomerang hits you!
* * * LOW HITPOINT WARNING * * *
There is a stone staircase leading up here.
The merfolk throws a boomerang.
The boomerang barely misses you.
You climb upwards.
Level annotation: exclusion: downstairs
There is a stone staircase leading down here.
A manticore is nearby!
Casting: Ignite Poison (safe; 1% risk of failure)
Confirm with . or Enter, or press ? or * to list all spells.
Aiming: Poisonous Vapours (safe; 1% risk of failure)
Press: ? - help, Dir - move target, f - manticore
Aim: a manticore You feel a strong surge of power!
Poisonous vapours surround the manticore!
The manticore is poisoned.
The manticore flicks its tail.
The volley of spikes hits you!!
The barbed spikes become lodged in your body.
* * * LOW HITPOINT WARNING * * *
Unknown command.
Casting: Poisonous Vapours (safe; 1% risk of failure)
Confirm with . or Enter, or press ? or * to list all spells.
You can't see any susceptible monsters within range! (Use Z to cast anyway.)
Casting: Poisonous Vapours (safe; 1% risk of failure)
Confirm with . or Enter, or press ? or * to list all spells.
You feel a strong surge of power!
You ignite the poison in your surroundings!
The manticore seems to burn from within!!!
The manticore is almost dead.
The manticore flicks its tail.
The volley of spikes hits you!!
The barbed spikes become lodged in your body.
You die...

##~###'###~..~~≈≈≈≈≈≈≈≈≈~~~~~~~~~
##~~8#.#8~~..~~≈≈≈≈≈≈≈≈~~~~~~~~~~
..~###'###~..~~~≈≈≈≈≈≈~~~~..~~~~~
~.##.....##...~~~≈≈≈≈≈~~~....[~~~
..#.......#...~~~≈≈≈≈≈~~~##...~~~
..#.......#..~~~~~≈≈≈≈~~~.#.~..~~
..##.....##.~~~~~~~~~~~.~~~~~....
..~###'###~..~~~.~~~~~.~~~~.~....
.....~........~.@.~~~~~~~~.......
....~~~.......~......~~~~~~.....~
~~.~[~~........##...~H~~~~~.....~
~~~~~<.....[....#..~~~≈~~~~~~..~~
~~~~~~.....)...~..~~.~≈~~~~~~~~~~
~~~~~~~...)...~~~~~~~~≈≈~~~~~~~~~
≈≈≈~~~~......~~≈≈≈≈≈≈≈≈≈~~~~~~~~~
≈≈≈≈~~.~..)).~~≈≈≈≈≈≈≈≈≈≈~~~~~~~~
≈≈≈≈≈~.~~~~~~~~~≈≈≈≈≈≈≈≈≈~~~~~~~~


You could see a manticore.

Vanquished Creatures
  Arachne (Spider:2)
  A kraken (Shoals:1)
  Polyphemus (Shoals:4)
  Agnes (Spider:4)
  Ilsuiw (Shoals:4)
  4 emperor scorpions (Spider:4)
  3 ghost moths (Spider:4)
  2 broodmothers
  A very ugly thing (D:15)
  The ghost of Cheops the Spry, a journeyman MiFi of Ru (Spider:1)
  2 spark wasps (Spider:4)
  2 merfolk javelineers (Shoals:4)
  Josephine (D:12)
  2 entropy weavers (shapeshifter)
  4 merfolk impalers
  4 entropy weavers
  2 vault guards (D:13)
  4 merfolk avatars
  2 catoblepae
  8 boulder beetles
  3 alligator snapping turtles
  4 radroaches
  3 hydras
  3 two-headed ogres
  3 centaur warriors
  8 merfolk aquamancers
  2 satyrs
  11 death yaks
  4 orc high priests (Orc:2)
  Urug (Orc:2)
  4 skysharks
  3 pharaoh ants
  16 sea snakes
  3 sun moths
  A glowing orange brain (D:15)
  Lodul (D:11)
  7 orb spiders
  A deep elf archer (D:13)
  5 orc knights
  4 steelbarb worms (Spider:4)
  A wizard (D:15)
  Pikel (D:4)
  A deep elf zephyrmancer (Orc:2)
  18 manticores
  2 orc sorcerers
  14 wolf spiders
  11 harpies
  8 fauns
  18 ugly things
  2 deep elf pyromancers
  An oklob plant (Lair:5)
  6 cyclopes
  5 black mambas
  A guardian serpent (shapeshifter) (D:14)
  3 moths of wrath
  6 water nymphs
  4 demonic crawlers
  23 elephants
  3 torpor snails
  8 merfolk sirens
  15 cane toads
  2 gargoyles
  3 kobold demonologists (D:7)
  2 unseen horrors
  3 rime drakes
  4 yaktaurs
  2 tengu conjurers
  10 komodo dragons
  12 trolls
  12 meliai
  A polar bear (shapeshifter) (D:13)
  9 wind drakes
  12 hornets
  8 polar bears
  36 merfolk
  9 blink frogs
  9 dream sheep
  15 tarantellas
  14 snapping turtles
  22 jumping spiders
  14 spriggans (Lair:5)
  17 slime creatures
  5 wyverns
  22 culicivoras
  36 yaks
  4 shadows
  10 water elementals
  6 wraiths
  2 hogs (Shoals:4)
  A vampire (D:11)
  4 basilisks
  4 vampire mosquitoes
  A steam dragon (D:8)
  Eustachio (D:4)
  47 redbacks
  31 water moccasins
  19 orc warriors
  3 ice beasts (D:8)
  A swamp drake (Orc:2)
  12 ogres
  5 black bears
  21 wolves
  9 boggarts
  14 centaurs
  3 phantoms
  6 kobold brigands
  11 bullfrogs
  3 gnoll sergeants
  3 scorpions
  9 wights
  An elephant simulacrum (Lair:1)
  10 killer bees
  8 electric eels
  4 howler monkeys
  A crimson imp (Orc:2)
  3 jellies
  2 hounds
  36 orc priests
  Crazy Yiuf (D:2)
  An iron imp (Orc:2)
  Jessica (D:2)
  3 sleepcaps
  Terence (D:2)
  An iguana (D:6)
  Natasha (thrice) (D:2)
  34 orc wizards
  Robin (D:2)
  20 adders
  27 gnolls
  A shadow imp (Orc:2)
  2 white imps
  An ufetubus (D:4)
  3 worms
  3 dart slugs
  69 orcs
  2 endoplasms (D:2)
  6 giant cockroaches
  16 goblins
  6 hobgoblins
  4 jackals (D:5)
  6 quokkas
  9 ball pythons
  4 bats
  A frilled lizard (D:1)
  10 kobolds
  7 rats
  2 tentacles (Shoals:1)
1104 creatures vanquished.

Vanquished Creatures (others)
  2 tentacles (Shoals:1)
2 creatures vanquished.

Grand Total: 1106 creatures vanquished

Notes
Turn   | Place    | Note
-------+----------+-------------------------------------------
     0 | D:1      | TheDoctor the Spriggan Venom Mage began the quest for the
                  | Orb.
     0 | D:1      | Reached XP level 1. HP: 9/9 MP: 5/5
   146 | D:1      | Reached skill level 3 in Spellcasting
   326 | D:1      | Reached XP level 2. HP: 13/13 MP: 5/7
   503 | D:1      | Learned a level 2 spell: Poisonous Vapours
   792 | D:2      | Noticed Robin
   909 | D:2      | Reached XP level 3. HP: 16/16 MP: 3/9
  1019 | D:1      | Learned a level 3 spell: Mephitic Cloud
  1266 | D:2      | Reached skill level 4 in Spellcasting
  1337 | D:2      | Reached XP level 4. HP: 21/21 MP: 6/11
  1567 | D:2      | Found a runed translucent door.
  1568 | D:2      | Noticed Crazy Yiuf
  1709 | D:2      | Killed Robin
  1857 | D:2      | Reached skill level 1 in Conjurations
  1928 | D:2      | Noticed Natasha
  1957 | D:2      | Killed Natasha
  2067 | D:2      | Noticed Jessica
  2076 | D:2      | Killed Jessica
  2077 | D:2      | Reached XP level 5. HP: 24/24 MP: 5/13
  2167 | D:2      | Noticed Natasha
  2178 | D:2      | Killed Natasha
  2349 | D:2      | Noticed Natasha
  2407 | D:2      | Killed Natasha
  2408 | D:2      | Reached skill level 5 in Spellcasting
  2574 | D:2      | Noticed Terence
  2593 | D:2      | Killed Terence
  2939 | D:2      | Killed Crazy Yiuf
  2940 | D:2      | Reached XP level 6. HP: 28/28 MP: 6/14
  3031 | D:2      | Learned a level 4 spell: Olgreb's Toxic Radiance
  3106 | D:3      | Found a bloodstained altar of Trog.
  3596 | D:3      | Reached skill level 5 in Poison Magic
  4216 | D:4      | Noticed Eustachio
  4240 | D:4      | Killed Eustachio
  4402 | D:4      | Reached XP level 7. HP: 32/32 MP: 10/15
  4603 | D:4      | Found a blossoming altar of Fedhas.
  4871 | D:4      | Found a hazy altar of Hepliaklqana.
  4889 | D:4      | Found an iron altar of Okawaru.
  4906 | D:4      | Noticed Pikel
  5095 | D:4      | Found Dupyunt's Antique Armour Shoppe.
  5208 | D:4      | Reached skill level 5 in Dodging
  5346 | D:4      | Killed Pikel
  5347 | D:4      | Reached skill level 5 in Conjurations
  5347 | D:4      | Reached XP level 8. HP: 36/36 MP: 4/16
  5886 | D:5      | Entered Level 5 of the Dungeon
  6745 | D:6      | Found a stormy altar of Qazlal.
  6966 | D:6      | Found a shimmering blue altar of Sif Muna.
  7072 | D:6      | Became a worshipper of Sif Muna the Loreminder
  7119 | D:6      | Learned a level 2 spell: Blink
  7129 | D:6      | Found a sacrificial altar of Ru.
  7197 | D:6      | Reached XP level 9. HP: 38/40 MP: 17/17
  7545 | D:6      | Reached skill level 1 in Fighting
  7697 | D:6      | Noticed Maggie
  8159 | D:7      | Noticed a kobold demonologist
  8167 | D:7      | Noticed a hellwing
  8168 | D:7      | Noticed a hellwing
  8195 | D:7      | Killed a kobold demonologist
  8200 | D:7      | Noticed a kobold demonologist
  8227 | D:7      | Killed a kobold demonologist
  8488 | D:7      | Noticed a kobold demonologist
  8493 | D:7      | Noticed a sixfirhy
  8945 | D:7      | Noticed a red devil
  8949 | D:7      | Killed a kobold demonologist
  9025 | D:7      | Identified the +2 short sword of Xixalihail {drain, Contam
                  | rPois Str+5}
  9061 | D:7      | Found a staircase to the Ecumenical Temple.
  9067 | Temple   | Entered the Ecumenical Temple
  9511 | D:8      | Found Ockanuust's Magic Scroll Shoppe.
  9520 | D:8      | Bought a scroll of teleportation for 30 gold pieces
  9590 | D:8      | Found Kuosisiw's Magic Scroll Shop.
  9600 | D:8      | Found Qipi's Weapon Shoppe.
  9620 | D:8      | Found a white marble altar of Elyvilon.
  9675 | D:8      | Reached * piety under Sif Muna
  9683 | D:8      | Reached skill level 1 in Translocations
  9750 | D:8      | Reached XP level 10. HP: 26/50 MP: 15/18
  9915 | D:8      | Found Nefa's Assorted Antiques.
  9920 | D:8      | Bought a slimy wooden ring for 130 gold pieces
  9920 | D:8      | Identified the ring "Duept" {rC- Will++ AC+4 Str+3} (You
                  | bought it in a shop on level 8 of the Dungeon)
 10209 | D:8      | Found a staircase to the Lair.
 10314 | D:8      | Found a radiant altar of Vehumet.
 10326 | D:8      | Reached skill level 5 in Fighting
 10491 | D:8      | Found Coadant's Armour Shoppe.
 10579 | D:8      | Found an ornate altar of the Wu Jian Council.
 10674 | D:8      | Reached skill level 1 in Invocations
 10734 | D:9      | Found Rixkenni's General Store.
 10824 | D:8      | Reached skill level 5 in Translocations
 10862 | D:9      | Found Facoyse's Magic Scroll Shop.
 10878 | D:9      | Found Qiwilu's Magic Scroll Boutique.
 10930 | D:9      | Reached ** piety under Sif Muna
 11059 | D:9      | Found Ahos's Distillery.
 11548 | D:9      | Found a staircase to the Orcish Mines.
 11723 | D:9      | Found Ribopn's Magic Scroll Boutique.
 11934 | D:9      | Reached XP level 11. HP: 49/55 MP: 19/19
 12014 | D:9      | Reached skill level 5 in Invocations
 12246 | Orc:1    | Entered Level 1 of the Orcish Mines
 12559 | D:10     | Entered Level 10 of the Dungeon
 12841 | D:10     | Noticed a two-headed ogre
 12867 | D:10     | Killed a two-headed ogre
 13078 | D:10     | Reached *** piety under Sif Muna
 13384 | D:10     | You fall into a shaft and drop 1 floor!
 14156 | D:10     | Learned a level 4 spell: Petrify
 14376 | Lair:1   | Entered Level 1 of the Lair of Beasts
 14693 | Lair:1   | Reached skill level 5 in Transmutations
 14841 | Lair:1   | Noticed a boulder beetle
 15130 | Lair:1   | Killed a boulder beetle
 16215 | Lair:1   | Reached **** piety under Sif Muna
 16381 | Lair:1   | Identified the +0 chain mail "Gestren" {rCorr}
 16495 | Lair:1   | Reached skill level 1 in Earth Magic
 16531 | Lair:1   | Reached XP level 12. HP: 44/60 MP: 20/20
 17230 | Lair:1   | Learned a level 2 spell: Scorch
 17729 | Lair:2   | Reached skill level 1 in Fire Magic
 17743 | Lair:2   | Noticed a four-headed hydra
 18001 | Lair:2   | Found an ancient bone altar of Kikubaaqudgha.
 18758 | Lair:2   | Killed a four-headed hydra
 19604 | Lair:3   | Reached skill level 1 in Shields
 20138 | Lair:3   | Found a staircase to the Shoals.
 20179 | Lair:3   | Reached skill level 10 in Invocations
 20627 | Lair:3   | Reached XP level 13. HP: 65/65 MP: 11/21
 20673 | Lair:3   | Found a hole to the Spider Nest.
 21483 | Lair:4   | Reached skill level 5 in Earth Magic
 22352 | Lair:5   | Entered Level 5 of the Lair of Beasts
 22394 | Lair:5   | Found a viscous altar of Jiyva.
 22395 | Lair:5   | Found a staircase to the Slime Pits.
 22798 | Lair:5   | Reached ***** piety under Sif Muna
 22823 | Lair:5   | Reached skill level 6 in Spellcasting
 23299 | Lair:5   | Reached skill level 7 in Spellcasting
 23638 | Lair:5   | Received a gift from Sif Muna
 23641 | Lair:5   | Got Sif Muna's Catalogue of Lethal Blight {god gift}
 23649 | Lair:5   | Learned a level 6 spell: Iron Shot
 24108 | Lair:5   | Reached skill level 10 in Conjurations
 24108 | Lair:5   | Reached XP level 14. HP: 73/73 MP: 17/26
 24118 | Lair:5   | Reached skill level 8 in Spellcasting
 24831 | Lair:5   | Reached skill level 9 in Spellcasting
 26594 | D:9      | Bought a scroll of acquirement for 780 gold pieces
 26595 | D:9      | Acquired 969 gold pieces
 26597 | D:9      | Acquired the Vellum of Battling
 26599 | D:9      | Acquired the +1 hat of the Mackerel {rElec Will+ Regen+}
 26785 | Lair:2   | Learned a level 5 spell: Iskenderun's Battlesphere
 27178 | Orc:2    | Entered Level 2 of the Orcish Mines
 27249 | Orc:2    | Received a gift from Sif Muna
 27250 | Orc:2    | Got Alojioso's Lectures on the Crater and the Mob {god
                  | gift}
 27301 | Orc:1    | Learned a level 3 spell: Stone Arrow
 27385 | Orc:2    | Found a staircase to the Elven Halls.
 27427 | Orc:2    | Reached skill level 10 in Spellcasting
 27556 | Orc:2    | Noticed Urug
 27670 | Orc:2    | Killed Urug
 28149 | Orc:2    | Found Jack's Book Shop.
 28149 | Orc:2    | Found Unnecrer's Armour Boutique.
 28152 | Orc:2    | Found Boameo Ozxo's Jewellery Boutique.
 28159 | Orc:2    | Found Ufisepp's Assorted Antiques.
 28559 | Orc:1    | Received a gift from Sif Muna
 28572 | Orc:1    | Got Duacrya's Quarto of Algid Impulse {god gift}
 29022 | D:11     | Noticed cheesebisquit's ghost (journeyman TrFi)
 29024 | D:11     | Found a transporter.
 29079 | D:11     | Found a transporter.
 29285 | D:11     | Noticed Lodul
 29299 | D:11     | Killed Lodul
 30239 | D:12     | Noticed Josephine
 30243 | D:12     | Killed Josephine
 30459 | D:12     | Reached XP level 15. HP: 77/77 MP: 29/30
 31231 | D:13     | Reached skill level 11 in Spellcasting
 31772 | D:13     | Found a gate to the Vaults.
 32097 | D:14     | Found Xinwaow's Magic Scroll Shop.
 32105 | D:14     | Bought a scroll of acquirement for 676 gold pieces
 32105 | D:14     | Acquired TheDoctor's Reference Book on Flinty Immolation
 32446 | D:14     | Received a gift from Sif Muna
 32465 | D:14     | Got Zogaduapp's Discursus on the Wild Switch {god gift}
 32479 | D:13     | Learned a level 3 spell: Ignite Poison
 32784 | D:14     | Reached skill level 10 in Earth Magic
 32790 | D:14     | Reached skill level 12 in Spellcasting
 33108 | D:15     | Entered Level 15 of the Dungeon
 33337 | D:15     | Identified the +1 dagger "Rebylyn" {heavy, rN+ SInv}
 33881 | D:15     | Found a blossoming altar of Fedhas.
 34370 | D:15     | Found a staircase to the Depths.
 34583 | D:14     | Identified the +2 pair of boots "Beemaxai" {Rampage rPois
                  | Str+5 Dex-4}
 34850 | Spider:1 | Entered Level 1 of the Spider Nest
 34934 | Spider:1 | Found a runed translucent door.
 34934 | Spider:1 | Noticed Cheops's ghost (journeyman MiFi)
 36091 | Spider:1 | Killed Cheops's ghost
 36258 | Spider:2 | Noticed Arachne
 36302 | Spider:2 | Reached XP level 16. HP: 81/81 MP: 33/33
 36424 | Spider:2 | Killed Arachne
 36424 | Spider:2 | Received a gift from Sif Muna
 36425 | Spider:2 | Reached skill level 13 in Spellcasting
 36436 | Spider:2 | Got Sif Muna's Book of the Blaze and Unholy Deeds {god
                  | gift}
 37527 | Spider:3 | Reached skill level 10 in Dodging
 37848 | Spider:3 | Received a gift from Sif Muna
 37852 | Spider:3 | Got Sif Muna's Precepts of the Three Souls {god gift}
 38337 | Spider:4 | Entered Level 4 of the Spider Nest
 38584 | Spider:4 | Noticed Agnes
 38588 | Spider:4 | Killed Agnes
 38611 | Spider:4 | Reached skill level 14 in Spellcasting
 38872 | Spider:4 | Learned a level 9 spell: Fire Storm
 39537 | Spider:4 | Reached ****** piety under Sif Muna
 39537 | Spider:4 | Received a gift from Sif Muna
 39905 | Spider:4 | Reached skill level 15 in Spellcasting
 39941 | Spider:4 | Reached XP level 17. HP: 85/85 MP: 35/37
 40343 | Spider:4 | Got a gossamer rune of Zot
 40695 | Shoals:1 | Entered Level 1 of the Shoals
 41158 | Shoals:1 | Noticed a kraken
 41162 | Shoals:1 | Received a gift from Sif Muna
 41162 | Shoals:1 | Killed a kraken
 41167 | Shoals:1 | Got Kuv Bez's Discursus on Combat Magic and Composition
                  | {god gift}
 41211 | Shoals:1 | Found Ycameown's Distillery.
 42157 | Shoals:2 | Found a flickering gateway to a bazaar.
 42196 | Bazaar   | Entered a bazaar
 42199 | Bazaar   | Found Nafrony's Antique Armour Shop.
 42215 | Bazaar   | Found Zushu's Assorted Antiques.
 42226 | Bazaar   | Found Xoennih's General Store.
 42239 | Bazaar   | Found Erea's Antique Armour Boutique.
 42305 | Bazaar   | Bought a potion of haste for 130 gold pieces
 42499 | Shoals:2 | Reached skill level 16 in Spellcasting
 43236 | Shoals:3 | Found a runed translucent door.
 43426 | Shoals:3 | Received a gift from Sif Muna
 43439 | Shoals:3 | Got Sif Muna's Monograph on the Deep Freeze and Outbursts
                  | {god gift}
 43442 | Shoals:3 | Found Qoan's Jewellery Shop.
 43510 | Shoals:3 | Found Jysh's Distillery.
 43632 | Shoals:3 | Found Eqomnoc's Weapon Shop.
 43872 | Shoals:3 | Found Buanuq's Weapon Emporium.
 44253 | Shoals:3 | Learned a level 6 spell: Starburst
 44273 | Shoals:4 | Entered Level 4 of the Shoals
 44511 | Shoals:4 | Noticed Kirke
 44512 | Shoals:4 | Reached skill level 17 in Spellcasting
 44512 | Shoals:4 | Noticed Ilsuiw
 44530 | Shoals:4 | Reached XP level 18. HP: 31/90 MP: 25/40
 44595 | Shoals:4 | Identified Roxanne's Exposition on the Cwm
 44595 | Shoals:4 | Noticed Roxanne
 44595 | Shoals:4 | Found Faaroure's Self-Improvement Boutique.
 44758 | Shoals:4 | Reached skill level 5 in Fire Magic
 44848 | Shoals:4 | Noticed Polyphemus
 44855 | Shoals:4 | Killed Polyphemus
 44931 | Shoals:4 | Killed Ilsuiw
 44996 | Shoals:3 | Killed from afar by a manticore

Illustrated notes

Levels and vault maps discovered:
D:1:      minmay_arrival_stone_box, layout_rooms, serial_shops, shop,
          nrook_mini_backslash, minmay_tiny_reverse_x
D:2:      layout_loops_ring, kennysheep_small_spiral, grunt_ministairs_3,
          uniq_crazy_yiuf_cottage, uniq_terence, uniq_jessica, uniq_natasha,
          uniq_robin
D:3:      minmay_recursive_quarters, layout_loops_cross, old_standard_altar
D:4:      layout_basic, nicolae_overflow_squiral, kennysheep_mini_moat,
          serial_shops, shop, corexii_checkpoint_b, uniq_pikel, uniq_eustachio
D:5:      layout_basic
D:6:      layout_basic, mainiacjoe_overflow_concentric_impassable,
          nicolae_ru_awakened_eye, nicolae_sif_muna_little_library,
          minmay_misc_feat_tower, minmay_holes, uniq_maggie
D:7:      layout_gridville, minmay_temple_entry_fiery
D:8:      layout_loops_ring, pdpol_wu_jian_five_deadly_venoms, vehumet_crystals,
          elyvilon_altar_1, hellmonk_lair_entry_icy, serial_shops,
          nicolae_shop_rolling_square, shop, shop,
          nicolae_shop_temple_entry_statues_fountains,
          nicolae_shop_bloodbath_and_beyond
D:9:      layout_roguey, kennysheep_orc_monster_closet_entryway, serial_shops,
          nicolae_shop_hallway_plus, nicolae_shop_trees, nicolae_shop_rolled_up,
          shop, shop, dreamdust_princess_corridor
D:10:     layout_layer_cave, hex_medium, kennysheep_generic_room_13
D:11:     layout_stronghold, gammafunk_ghost_arena, mrwooster_statue_mirror,
          kennysheep_path_1, uniq_lodul
D:12:     layout_irregular_city, uniq_josephine
D:13:     layout_irregular_city, grunt_vaults_entry_fortified
D:14:     layout_loops_ring, serial_park_fountain, serial_shops, shop
D:15:     gammafunk_enter_depths_forms, layout_irregular_city, fedhas_altar_4,
          serial_rivers, chequers_serial_rivers_room_a,
          chequers_serial_rivers_micro_d, chequers_serial_rivers_marsh,
          chequers_serial_rivers_micro_c
Temple:   hc_temple_tempest_star
Lair:1:   lemuel_reptile_caves, layout_cave_pods,
          portal_ice_cave_entry_ice_simulacra, grunt_megastairs_2
Lair:2:   layout_gridlike, serial_bayou_pond_d, lemuel_centaur_altar,
          serial_bayou_shore_a
Lair:3:   layout_gridlike, elwin_shoals_entry_stream,
          nicolae_spider_entry_lesser_pyramids, serial_bayou_crossing
Lair:4:   layout_small_grid
Lair:5:   minmay_lair_end_enchanted_forest, layout_big_grid,
          minmay_slime_entry_pillars, chequers_serial_rivers_large_a,
          chequers_serial_rivers_small_3
Shoals:1: nicolae_shoals_lighthouse, layout_shoals, serial_shops,
          nicolae_shop_tiny_statue_garden, centaur_isle
Shoals:2: layout_shoals, serial_shops, freezing_bzr
Shoals:3: layout_shoals, serial_shops, shop, shop, shop,
          nicolae_shop_rolling_square, lightli_airlock
Shoals:4: shoals_end_simple, layout_shoals, shoals_ilsuiw_alternative,
          nicolae_shoals_seven_spires, nicolae_shoals_lost_giant_amphitheater,
          nicolae_shop_self_help, uniq_kirke, uniq_polyphemus, uniq_roxanne
Spider:1: layout_chambers, gammafunk_ghost_grave
Spider:2: layout_spider_delve, nicolae_spider_nook, uniq_arachne
Spider:3: layout_chambers, hellmonk_test_site
Spider:4: spider_rune_water, uniq_agnes
Orc:1:    layout_caves
Orc:2:    st_orc_mages, layout_diamond_mine, hangedman_minor_magic, uniq_urug

Skill      XL: |  1  2  3  4  5  6  7  8  9 10 11 12 13 14 15 16 17 18 |
---------------+-------------------------------------------------------+-----
Spellcasting   | 3 4 5 7 10 12 15 17 | 17.0
Poison Magic   | 4 5 6 7 8 |  8.0
Conjurations   | 1 2 5 7 8 9 10 11 12 13 14 | 14.5
Dodging        | 4 5 6 8 10 | 10.0
Fighting       | 4 5 8 |  8.0
Translocations | 1 5 |  5.0
Invocations    | 4 7 10 12 14 | 14.1
Transmutations | 7 8 |  8.0
Earth Magic    | 1 4 6 9 10 | 10.0
Fire Magic     | 4 5 |  5.7
Shields        | 2 4 |  4.0
Stealth        | |  3.0

Action                     |  1- 3 |  4- 6 |  7- 9 | 10-12 | 13-15 | 16-18 || total
---------------------------+-------+-------+-------+-------+-------+-------++-------
  Melee: Dagger            |     4 |    16 |       |       |       |       ||    20
         Punch             |     1 |       |     1 |     2 |       |       ||     4
         Mace              |       |    20 |       |       |       |       ||    20
         Rapier            |       |     1 |   124 |   142 |       |       ||   267
         Spear             |       |       |       |    23 |       |       ||    23
         Staff             |       |       |       |       |    57 |    37 ||    94
  Throw: Dart              |       |       |     1 |       |       |       ||     1
         Boomerang         |       |       |       |       |     3 |     1 ||     4
   Cast: Sting             |    54 |    94 |   195 |   831 |   110 |       ||  1284
         Poisonous Vapours |     2 |    35 |    77 |   128 |   289 |   250 ||   781
         Mephitic Cloud    |       |       |     7 |    44 |    40 |     3 ||    94
         Olgreb's Toxic Ra |       |       |       |    20 |   127 |    97 ||   244
         Scorch            |       |       |       |    59 |   276 |       ||   335
         Petrify           |       |       |       |     9 |    23 |     1 ||    33
         Blink             |       |       |       |     2 |    11 |     7 ||    20
         Stone Arrow       |       |       |       |       |   310 |   126 ||   436
         Iskenderun's Batt |       |       |       |       |    18 |     8 ||    26
         Iron Shot         |       |       |       |       |     5 |    52 ||    57
         Ignite Poison     |       |       |       |       |    45 |   187 ||   232
         Starburst         |       |       |       |       |       |     4 ||     4
 Invoke: Channel Magic     |       |       |       |       |     1 |     3 ||     4
  Evoke: Wand              |       |       |       |     5 |       |       ||     5
    Use: Scroll            |       |       |    10 |     6 |    14 |     5 ||    35
         Potion            |       |       |       |       |       |     3 ||     3
   Stab: Sleeping          |     1 |       |       |     3 |       |       ||     4
         Confused          |       |       |       |     5 |       |       ||     5
         Petrified         |       |       |       |     3 |       |       ||     3
 Armour: Robe              |     3 |    18 |    33 |    40 |    41 |     8 ||   143
  Dodge: Dodged            |     8 |    60 |   131 |   317 |   262 |    98 ||   876
